 Dungeon Crawl Stone Soup version 0.21.1-1-g345015f (webtiles) character file.

3093 kae the Insei (level 9, -3/59 HPs)
             Began as an Octopode Transmuter on May 27, 2018.
             Was a Priest of Cheibriados.
             Slain by a hippogriff (7 damage)
             ... on level 7 of the Dungeon.
             The game lasted 00:06:25 (7064 turns).

kae the Insei (Octopode Transmuter)                 Turns: 7064, Time: 00:06:25

Health: -3/59      AC:  1    Str: 19    XL:     9   Next: 90%
Magic:  11/16      EV: 18    Int: 23    God:    Cheibriados [***...]
Gold:   203        SH:  0    Dex: 25    Spells: 6/17 levels left

rFire    . . .     SeeInvis .     - Unarmed
rCold    . . .     Gourm    .   (shield currently unavailable)
rNeg     . . .     Faith    .   (helmet restricted)
rPois    .         Spirit   .   (no amulet)
rElec    .         Reflect  .   m - +3 ring of dexterity
rCorr    .         Harm     .   n - ring of protection from magic
MR       ++...                  k - ring of protection from magic
Stlth    +++.......             t - +3 ring of strength
HPRegen  0.19/turn              (no ring)
MPRegen  0.15/turn              (no ring)
                                (no ring)
                                (no ring)

@: blade tentacles, very slow
A: almost no armour, stealthy swim, amphibious, 8 rings, constrict 8, camouflage
1, gelatinous body 1
a: End Transformation, Bend Time, Temporal Distortion, Renounce Religion


You were on level 7 of the Dungeon.
You worshipped Cheibriados.
Cheibriados was most pleased with you.
You were very hungry.
You had blades for tentacles.
You visited 1 branch of the dungeon, and saw 7 of its levels.

You collected 203 gold pieces.

Inventory:

Missiles
 a - 101 arrows
Armour
 x - a +0 buckler (melded)
Jewellery
 k - a ring of protection from magic (on tentacle)
 m - a +3 ring of dexterity (left scythe-like blade)
 n - a ring of protection from magic (right scythe-like blade)
 t - a +3 ring of strength (on tentacle)
Wands
 i - a wand of polymorph (16)
 o - a wand of acid (6)
Scrolls
 r - 4 scrolls of remove curse
 u - a scroll of amnesia
 y - a scroll of teleportation
 z - a scroll of identify
Potions
 d - 2 potions of lignification
 e - a potion of invisibility
 f - 6 potions of curing
 g - a potion of haste
 j - a potion of magic {unknown}
 p - 2 potions of agility
 q - a potion of mutation {unknown}
 s - a potion of resistance {unknown}
 v - a potion of berserk rage {unknown}
 w - a potion of degeneration {unknown}
Books
 b - a book of Changes

   Spells                             Type                      Level
   a - Beastly Appendage              Transmutation                1
   b - Sticks to Snakes               Transmutation                2
   c - Spider Form                    Transmutation/Poison         3
   d - Ice Form                       Ice/Transmutation            4
   e - Blade Hands                    Transmutation                5
 l - a book of Flames

   Spells                             Type                      Level
   a - Flame Tongue                   Conjuration/Fire             1
   b - Throw Flame                    Conjuration/Fire             2
   c - Conjure Flame                  Conjuration/Fire             3
   d - Inner Flame                    Hexes/Fire                   3
   e - Sticky Flame                   Conjuration/Fire             4
   f - Fireball                       Conjuration/Fire             5
Comestibles
 c - 14 rations


   Skills:
 + Level 4.7 Fighting
 + Level 5.3 Dodging
 + Level 2.6 Shields
 * Level 7.7 Unarmed Combat
 + Level 4.9 Spellcasting
 * Level 7.3 Transmutations


You had 6 spell levels left.
You knew the following spells:

 Your Spells              Type           Power        Failure   Level  Hunger
a - Beastly Appendage     Tmut           #####.       12%         1    None
b - Sticks to Snakes      Tmut           #####...     13%         2    None
c - Spider Form           Tmut/Pois      ###.......   36%         3    ##.....
d - Blade Hands           Tmut           #####.....   52%         5    #####..


Dungeon Overview and Level Annotations

Branches:
Dungeon (7/15)             Temple (0/1) D:6

Altars:
Ashenzari
Cheibriados
Elyvilon
Gozag
Okawaru
Ru
Uskayaw
Xom


Innate Abilities, Weirdness & Mutations

You cannot wear most types of armour.
You are very stealthy in the water. (Stealth+)
You are amphibious.
You can wear up to eight rings at the same time.
You can use your tentacles to constrict eight enemies at once.
Your skin changes colour to match your surroundings (Stealth+).
Your rubbery body absorbs attacks. (AC +1, EV +1)


Message History

The hippogriff claws you.
* * * LOW HITPOINT WARNING * * *
Okay, then.
Okay, then.
You feel much better. The hippogriff misses you. The hippogriff pecks you!
The hippogriff claws you.
Casting: Blade Hands
Confirm with . or Enter, or press ? or * to list all spells.
Your tentacles turn into razor-sharp scythe blades.
Your +0 buckler melds into your body.
You are feeling very hungry.
The hippogriff bites you!
* * * LOW HITPOINT WARNING * * *
The hippogriff pecks you but does no damage.
The hippogriff claws you.
* * * LOW HITPOINT WARNING * * *
The hippogriff barely misses you. The hippogriff pecks you.
* * * LOW HITPOINT WARNING * * *
The hippogriff claws you!
You die...

#.### #....†).##.#.# #.
#.# #.##..H## ##.# #.
#.# #.###.## # #. #.#
#.# #.# #. #.# #.# #.#
.. #.#######
#####.###>#####.
.........
..##....H........
#.#######
#.##.H##..####... #.#
#.##.@##..# #.#
#.##..##.... #.##
#.##..##..###
.#.#########...........
###..................##
#.#########.#..###..#
#.# #.#..# .>.# ##
#...... ... ###..... ..


You could see a hippogriff.

Vanquished Creatures
  Pikel (D:6)
  Grinder (D:5)
  A hippogriff (D:6)
  Sigmund (D:3)
  Eustachio (D:6)
  2 sky beasts
  2 phantoms (D:7)
  A slave (D:6)
  3 ogres
  A centaur (D:5)
  3 bullfrogs
  6 killer bees (D:7)
  A howler monkey (D:4)
  A crimson imp (D:6)
  Crazy Yiuf (D:4)
  An orc priest (D:4)
  5 hounds
  2 jellies
  7 orc wizards
  4 worker ants
  Robin (D:2)
  6 adders
  2 shadow imps
  An ooze (D:1)
  An adder skeleton (D:3)
  A worm (D:2)
  A dart slug (D:1)
  A leopard gecko (D:1)
  23 orcs
  3 giant cockroaches
  10 goblins
  10 hobgoblins
  9 jackals
  2 ball pythons
  3 bats (D:1)
  5 frilled lizards
  6 kobolds
  A leopard gecko skeleton (D:7)
  A quokka skeleton (D:4)
  3 rats
135 creatures vanquished.

Notes
Turn   | Place    | Note
-------+----------+-------------------------------------------
     0 | D:1      | kae the Octopode Transmuter began the quest for the Orb.
     0 | D:1      | Reached XP level 1. HP: 13/13 MP: 3/3
   130 | D:1      | Reached XP level 2. HP: 9/18 MP: 5/5
   711 | D:2      | Reached XP level 3. HP: 18/23 MP: 6/6
  1097 | D:2      | Noticed Robin
  1105 | D:2      | Killed Robin
  1105 | D:2      | Reached XP level 4. HP: 13/28 MP: 4/7
  1325 | D:2      | Found a hide-covered altar of Uskayaw.
  1755 | D:3      | Noticed Sigmund
  1761 | D:2      | Learned a level 2 spell: Sticks to Snakes
  1765 | D:2      | Learned a level 3 spell: Spider Form
  1777 | D:3      | Killed Sigmund
  1777 | D:3      | Reached XP level 5. HP: 21/34 MP: 5/9
  1777 | D:3      | Reached XP level 6. HP: 25/39 MP: 5/10
  1890 | D:3      | Found a faded altar of an unknown god.
  2298 | D:3      | Found a snail-covered altar of Cheibriados.
  2320 | D:3      | Became a worshipper of Cheibriados the Contemplative
  2340 | D:3      | Found a shimmering altar of Xom.
  2986 | D:3      | Reached * piety under Cheibriados
  3494 | D:4      | Reached XP level 7. HP: 37/45 MP: 7/11
  3615 | D:4      | Reached skill level 5 in Unarmed Combat
  3712 | D:4      | Found a runed door.
  3888 | D:4      | Found an iron altar of Okawaru.
  4187 | D:4      | Noticed Crazy Yiuf
  4193 | D:4      | Killed Crazy Yiuf
  4300 | D:5      | Entered Level 5 of the Dungeon
  4371 | D:5      | Noticed Grinder
  4378 | D:5      | Killed Grinder
  4378 | D:5      | Reached skill level 5 in Transmutations
  4378 | D:5      | Reached XP level 8. HP: 47/52 MP: 13/13
  4449 | D:5      | Reached ** piety under Cheibriados
  5664 | D:6      | Noticed Eustachio
  5684 | D:6      | Killed Eustachio
  5716 | D:6      | Found a shattered altar of Ashenzari.
  5777 | D:6      | Found a white marble altar of Elyvilon.
  5827 | D:6      | Found a staircase to the Ecumenical Temple.
  6078 | D:6      | Found an opulent altar of Gozag.
  6111 | D:6      | Found a sacrificial altar of Ru.
  6179 | D:6      | Noticed Pikel
  6188 | D:6      | Killed Pikel
  6188 | D:6      | Reached skill level 1 in Shields
  6188 | D:6      | Reached XP level 9. HP: 40/58 MP: 12/15
  6451 | D:7      | Learned a level 5 spell: Blade Hands
  6462 | D:7      | Reached skill level 5 in Dodging
  6475 | D:7      | Reached *** piety under Cheibriados
  7064 | D:7      | Slain by a hippogriff

Skill      XL: |  1  2  3  4  5  6  7  8  9 |
---------------+----------------------------+-----
Transmutations | 3 4 5 6 7 |  7.3
Fighting       | 2 3 4 |  4.7
Unarmed Combat | 4 5 7 |  7.7
Dodging        | 3 4 5 |  5.3
Spellcasting   | 3 4 |  4.9
Shields        | 1 2 |  2.6

Action                   |  1- 3 |  4- 6 |  7- 9 || total
-------------------------+-------+-------+-------++-------
Melee: Unarmed           |    64 |   103 |   214 ||   381
       Kick              |     9 |    12 |     8 ||    29
       Constrict         |    16 |    20 |    13 ||    49
       Tentacles         |    12 |    17 |    24 ||    53
       Punch             |     1 |     3 |     7 ||    11
 Cast: Beastly Appendage |    13 |    18 |     5 ||    36
       Spider Form       |       |     2 |    19 ||    21
       Sticks to Snakes  |       |     2 |       ||     2
       Blade Hands       |       |       |     6 ||     6
  Use: Scroll            |     3 |     2 |     6 ||    11
       Potion            |       |       |     1 ||     1
 Stab: Sleeping          |     3 |     2 |     5 ||    10
       Distracted        |       |       |     1 ||     1
  Eat: Chunk             |       |     8 |     8 ||    16
Armor: Skin              |     4 |     3 |    10 ||    17
Dodge: Dodged            |    37 |    68 |   172 ||   277
Block: Buckler           |       |       |     9 ||     9
